 Dungeon Crawl Stone Soup version 0.17-a0-870-gcb215c1 (console) character file.

6848 sose the Martial Artist (level 11, -9/72 HPs)
             Began as an Octopode Transmuter on Apr 28, 2015.
             Was a High Priest of Cheibriados.
             Mangled by an orc warrior
             ... wielding a +0 glaive
              (31 damage)
             ... on level 9 of the Dungeon on Apr 29, 2015.
             The game lasted 00:53:45 (11979 turns).

sose the Martial Artist (Octopode Transmuter)      Turns: 11979, Time: 00:53:46

Health: -9/72      AC:  1    Str: 22    XL:     11   Next: 6%
Magic:  17/18      EV: 19    Int: 37    God:    Cheibriados [*****.]
Gold:   671        SH:  0    Dex: 25    Spells: 7 memorised, 0 levels left

rFire  + . .     SeeInvis .       - Unarmed
rCold  . . .     Clarity  +     (shield currently unavailable)
rNeg   . . .     SustAb   +     (helmet restricted)
rPois  +         Gourm    .     d - amulet of clarity
rElec  .         Spirit   .     j - ring of protection from fire
rCorr  .         Warding  .     w - ring of sustain abilities
rMut   .         Stasis   .     y - ring of poison resistance (curse)
MR     .....                    H - +4 ring of intelligence
Stlth  +++.......               (no ring)
                                (no ring)
                                (no ring)
                                (no ring)

@: blade tentacles, very slow, not resistant to hostile enchantments, fairly
stealthy
A: almost no armour, amphibious, 8 rings, constrict 8, camouflage 1, gelatinous
body 1
a: End Transformation, Bend Time, Temporal Distortion, Slouch, Step From Time,
Renounce Religion


You were on level 9 of the Dungeon.
You worshipped Cheibriados.
Cheibriados was extremely pleased with you.
You were not hungry.
You had blades for tentacles.
You visited 1 branch of the dungeon, and saw 9 of its levels.
You also visited: Bailey.

You collected 671 gold pieces.

Inventory:

Missiles
 q - 72 stones (quivered)
 A - 8 arrows of flame
 J - 75 arrows
Jewellery
 d - an amulet of clarity (around mantle)
 j - a ring of protection from fire (left scythe-like blade)
 n - an uncursed amulet of resist mutation
 w - a ring of sustain abilities (right scythe-like blade)
 y - a cursed ring of poison resistance (on tentacle)
 E - an uncursed amulet of resist corrosion
 H - a +4 ring of intelligence (on tentacle)
 Q - an uncursed ring of fire
Magical devices
 a - a wand of flame (24)
 G - a wand of cold (11)
 M - a wand of random effects (34)
 N - a wand of draining (6)
 S - a wand of magic darts (33)
Scrolls
 e - 6 scrolls of remove curse
 i - 2 scrolls of recharging
 k - 3 scrolls of immolation
 m - a scroll of enchant weapon
 u - 6 scrolls of teleportation
 C - 2 scrolls of fog {unknown}
 D - a scroll of fear
 I - a scroll of amnesia {unknown}
 O - 2 scrolls of noise {unknown}
Potions
 f - a potion of resistance
 g - a potion of degeneration {unknown}
 h - 2 potions of agility {unknown}
 l - a potion of magic {unknown}
 p - 2 potions of heal wounds
 r - 3 potions of curing
 s - a potion of ambrosia {unknown}
 t - a potion of might {unknown}
 v - a potion of berserk rage {unknown}
 x - a potion of haste {unknown}
 z - a potion of mutation {unknown}
 B - 2 potions of restore abilities {unknown}
 P - a potion of brilliance {unknown}
Books
 b - a book of Changes

   Spells                             Type                      Level
   a - Beastly Appendage              Transmutation                1
   b - Sticks to Snakes               Transmutation                2
   c - Spider Form                    Transmutation/Poison         3
   d - Ice Form                       Ice/Transmutation            4
   e - Blade Hands                    Transmutation                5
 o - a book of Frost

   Spells                             Type                      Level
   a - Freeze                         Ice                          1
   b - Throw Frost                    Conjuration/Ice              2
   c - Ozocubu's Armour               Charms/Ice                   3
   d - Throw Icicle                   Conjuration/Ice              4
   e - Summon Ice Beast               Ice/Summoning                4
   f - Condensation Shield            Ice                          4
 K - a book of Flames

   Spells                             Type                      Level
   a - Flame Tongue                   Conjuration/Fire             1
   b - Throw Flame                    Conjuration/Fire             2
   c - Conjure Flame                  Conjuration/Fire             3
   d - Inner Flame                    Hexes/Fire                   3
   e - Sticky Flame                   Conjuration/Fire             4
   f - Fireball                       Conjuration/Fire             5
Comestibles
 c - 5 bread rations
 F - 9 beef jerkies
 L - a royal jelly
 R - 2 chunks of flesh


   Skills:
 - Level 5.8 Fighting
 - Level 7.0 Dodging
 - Level 10.0 Unarmed Combat
 - Level 5.0 Spellcasting
 + Level 1.4 Conjurations
 - Level 8.0 Transmutations
 + Level 3.9 Ice Magic


You couldn't memorise any spells.
You knew the following spells:

 Your Spells              Type           Power        Failure   Level  Hunger
a - Freeze                Ice            ####         14%         1    None
b - Sticks to Snakes      Trmt           ######....   10%         2    None
c - Spider Form           Trmt/Pois      #####.....   21%         3    None
d - Beastly Appendage     Trmt           ######       10%         1    None
e - Ice Form              Ice/Trmt       ######..     28%         4    ###....
f - Blade Hands           Trmt           ######....   32%         5    #####..
g - Throw Icicle          Conj/Ice       ####....     54%         4    ###....


Dungeon Overview and Level Annotations

Branches:
Dungeon (9/15)             Temple (0/1) D:5
   Lair: D:8-11         Orc: D:9-12

Altars:
Cheibriados
Dithmenos
Elyvilon
Fedhas
Gozag
Makhleb
Okawaru
Trog

Annotations:
D:6 Dowan, Duvessa


Innate Abilities, Weirdness & Mutations

You cannot wear most types of armour.
You are amphibious.
You can wear up to eight rings at the same time.
You can use your tentacles to constrict eight enemies at once.
Your skin changes colour to match your surroundings (Stealth).
Your rubbery body absorbs attacks (AC +1).


Message History

You kill the orc!
Cheibriados appreciates the change of pace.
An orc comes into view. It is wielding a vampiric trident.
An orc warrior comes into view. It is wielding a glaive.
The orc warrior closely misses you. The orc warrior barely misses you.
The orc warrior hits you with a glaive!
The orc hits you from afar with a vampiric trident.
The orc warrior hits you with a glaive!!
The orc barely misses you.
You hear a shout!
You hit the orc warrior. You grab the orc warrior.
The orc warrior is lightly wounded.
You constrict the orc warrior. You slash the orc warrior!
You squeeze the orc warrior, but do no damage.
The orc warrior is severely wounded.
You constrict the orc warrior, but do no damage.
The orc warrior hits you with a glaive!!
You die...

∩).#.#####..# #..#####..#.
)..........## #.......####
.....##################.######._.
.............................#...
############################.#...
############################.##'#
.÷...............o....?..........
##########****#..o.o#**#########.
.........# #.@##...oo,,#......
.###.###.### #..#*,#,o,,,######.
.# #.......# #..##.#,,,,,* ##..
.# #####.#.# #.....#,,,,,* #...
.#######.#.####..##.#,,,,,* ##..
...........)........#,,,,,* ##.
.........#.########.#****** #.
##########.# #.# #. ,,,,,* ###.#
#####.##### ##'


You could see an orc warrior and 2 orcs.

Vanquished Creatures
  An orc knight (Bailey)
  A troll (D:9)
  The ghost of Lokkij the Destroyer, an experienced TeVM (D:4)
  Grinder (D:6)
  Prince Ribbit (D:8)
  4 yaks (D:9)
  3 hungry ghosts
  A hippogriff (D:9)
  3 phantoms
  5 orc warriors
  2 ice beasts
  4 centaurs
  2 necrophages
  7 ogres
  8 giant frogs
  A gnoll sergeant (D:9)
  3 scorpions
  5 wights (D:9)
  A jelly (D:7)
  A killer bee (D:9)
  2 crimson imps
  A giant frog zombie (D:7)
  A gnoll shaman (D:4)
  4 orc priests
  3 orc wizards
  5 hounds
  9 worker ants
  2 hound skeletons
  13 gnolls
  A worker ant zombie (D:7)
  13 adders
  3 shadow imps
  3 oozes
  4 giant geckos
  32 orcs
  4 giant cockroaches
  13 goblins
  17 hobgoblins
  10 jackals
  4 quokkas
  11 bats
  9 giant newts
  2 giant spores
  2 jackal skeletons (D:4)
  A jackal zombie (D:5)
  30 kobolds
  A quokka skeleton (D:9)
  A quokka zombie (D:7)
  13 rats
  9 ballistomycetes
278 creatures vanquished.

Vanquished Creatures (collateral kills)
  The ghost of Borgoz the Shield-Bearer, an experienced GrFi (D:7)
  Menkaure (D:6)
  An orc priest (D:6)
  2 worker ants (D:4)
  A gnoll (D:4)
  An adder skeleton (D:4)
  2 orcs (D:6)
  A hobgoblin (D:6)
  A bat (D:6)
  A giant gecko (D:4)
  A quokka zombie (D:6)
13 creatures vanquished.

Vanquished Creatures (others)
  A giant spore (D:9)
  2 ballistomycetes (D:9)
3 creatures vanquished.

Grand Total: 294 creatures vanquished

Notes
Turn   | Place    | Note
--------------------------------------------------------------
     0 | D:1      | sose, the Octopode Transmuter, began the quest for the Orb.
     0 | D:1      | Reached XP level 1. HP: 13/13 MP: 3/3
   239 | D:1      | Reached XP level 2. HP: 18/18 MP: 5/5
   648 | D:1      | Reached XP level 3. HP: 8/23 MP: 6/6
   660 | D:1      | Learned a level 2 spell: Sticks to Snakes
  1420 | D:2      | Reached skill level 4 in Transmutations
  1428 | D:2      | Learned a level 3 spell: Spider Form
  1444 | D:2      | Reached XP level 4. HP: 15/28 MP: 7/7
  1713 | D:2      | Learned a level 1 spell: Freeze
  2025 | D:2      | Reached skill level 1 in Ice Magic
  2526 | D:3      | Found an opulent altar of Gozag.
  2871 | D:3      | Reached XP level 5. HP: 22/33 MP: 4/8
  2992 | D:3      | Found a burning altar of Makhleb.
  3285 | D:4      | Reached skill level 5 in Transmutations
  3291 | D:4      | Noticed a phantom
  3342 | D:4      | Noticed an ogre
  3348 | D:4      | Killed an ogre
  3348 | D:4      | Reached XP level 6. HP: 25/38 MP: 5/9
  3478 | D:4      | Reached skill level 6 in Transmutations
  3618 | D:4      | Found a blossoming altar of Fedhas.
  3746 | D:4      | Noticed Lokkij's ghost (experienced TeVM)
  3803 | D:4      | Found a white marble altar of Elyvilon.
  4183 | D:4      | Killed a phantom
  4183 | D:4      | Reached skill level 7 in Transmutations
  4183 | D:4      | Reached XP level 7. HP: 14/43 MP: 7/10
  4465 | D:4      | Found a snail-covered altar of Cheibriados.
  4471 | D:4      | Became a worshipper of Cheibriados the Contemplative
  4659 | D:4      | Killed Lokkij's ghost
  5014 | D:4      | Noticed an ogre
  5023 | D:4      | Killed an ogre
  5101 | D:5      | Entered Level 5 of the Dungeon
  5201 | D:5      | Found a staircase to the Ecumenical Temple.
  5366 | D:5      | Reached XP level 8. HP: 40/48 MP: 9/11
  5379 | D:5      | Acquired Cheibriados's first power
  5388 | D:5      | Learned a level 4 spell: Ice Form
  5438 | D:5      | Reached skill level 8 in Transmutations
  5659 | D:5      | Reached skill level 5 in Unarmed Combat
  6278 | D:6      | Noticed Grinder
  6280 | D:6      | Paralysed by Grinder for 6 turns
  6304 | D:6      | Killed Grinder
  7093 | D:6      | Reached XP level 9. HP: 53/53 MP: 12/12
  7126 | D:6      | Noticed Duvessa
  7174 | D:6      | Noticed Menkaure
  7186 | D:6      | Killed Menkaure
  7353 | D:6      | Noticed Dowan
  7422 | D:7      | Found an iron altar of Okawaru.
  7602 | D:7      | Noticed Borgoz's ghost (experienced GrFi)
  7917 | D:7      | Killed Borgoz's ghost
  8134 | D:7      | Learned a level 5 spell: Blade Hands
  8392 | D:7      | Acquired Cheibriados's second power
  9126 | D:8      | Noticed Prince Ribbit
  9129 | D:8      | Killed Prince Ribbit
  9129 | D:8      | Reached XP level 10. HP: 61/63 MP: 11/17
  9333 | D:8      | Reached skill level 5 in Dodging
  9348 | D:8      | Acquired Cheibriados's third power
 10225 | D:9      | Found a runed door.
 10462 | D:9      | Reached skill level 9 in Unarmed Combat
 10499 | D:9      | Found a bloodstained altar of Trog.
 10654 | D:9      | Found a flagged portal.
 10741 | Bailey   | Entered a bailey
 10867 | Bailey   | Acquired Cheibriados's fourth power
 10972 | Bailey   | Found an iron altar of Okawaru.
 10972 | Bailey   | Noticed an orc knight
 10981 | Bailey   | Killed an orc knight
 10981 | Bailey   | Reached skill level 5 in Fighting
 11341 | D:9      | Reached skill level 10 in Unarmed Combat
 11341 | D:9      | Reached XP level 11. HP: 70/72 MP: 13/18
 11430 | D:9      | Reached skill level 5 in Spellcasting
 11559 | D:9      | Upgraded the game from 0.17-a0-854-g4a4ba72 to 0.17-a0-870-gcb215c1
 11569 | D:9      | Learned a level 4 spell: Throw Icicle
 11630 | D:9      | Found a shadowy altar of Dithmenos.
 11867 | D:9      | Reached skill level 1 in Conjurations
 11979 | D:9      | Mangled by an orc warrior

Action                   |  1- 3 |  4- 6 |  7- 9 | 10-12 || total
-------------------------+-------+-------+-------+-------++-------
Melee: Unarmed           |    98 |   161 |   287 |   172 ||   718
Throw: Stone             |       |       |     1 |     1 ||     2
 Cast: Beastly Appendage |     4 |       |     4 |       ||     8
       Freeze            |       |    19 |       |       ||    19
       Spider Form       |       |     8 |    16 |     6 ||    30
       Sticks to Snakes  |       |     4 |    30 |       ||    34
       Ice Form          |       |       |     6 |       ||     6
       Blade Hands       |       |       |     8 |    16 ||    24
Invok: Bend Time         |       |       |       |     1 ||     1
 Abil: End Transformatio |       |       |     1 |     1 ||     2
  Use: Scroll            |       |     8 |     4 |     1 ||    13
       Potion            |       |     1 |     1 |     3 ||     5
 Stab: Sleeping          |     1 |     2 |     3 |       ||     6
       Distracted        |       |     2 |     2 |       ||     4
  Eat: Bread ration      |     1 |       |     3 |       ||     4
       Chunk             |       |     6 |     2 |     3 ||    11
       Royal jelly       |       |     1 |       |       ||     1
       Meat ration       |       |       |     2 |     1 ||     3
